 Dungeon Sprint DCSS version 0.26-a0-667-g92642533e4 (webtiles) character file.

Game seed: 9650612014647619932

5233 TerrariaFan the Earth Mage (level 10, -5/60 HPs)
             Began as a Gargoyle Earth Elementalist on Oct 16, 2020.
             Was the Champion of Vehumet.
             Slain by a bone dragon (13 damage)
             ... in the Dungeon (Sprint VII: "The Pits").
             The game lasted 00:07:49 (4670 turns).

TerrariaFan the Earth Mage (GrEE)                   Turns: 4670, Time: 00:07:50

Health: -5/60      AC:  9    Str: 14    XL:     10   Next: 61%
Magic:  12/26      EV: 15    Int: 23    God:    Vehumet [******]
Gold:   0          SH:  0    Dex: 10    Spells: 25/34 levels left

rFire    . . .     SeeInvis .   u - +4 quarterstaff of Chaos {drain, *Contam *Noise rC+ rN+ Int+6}
rCold    + . .     Faith    .   (shield currently unavailable)
rNeg     + + .     Spirit   .   c - +0 robe
rPois    ∞         Reflect  .   (no helmet)
rElec    +         Harm     .   (no cloak)
rCorr    .         Rampage  .   (no gloves)
MR       .....     NoTele   +   (no boots)
Stlth    +++.......             (no amulet)
HPRegen  0.20/turn              (no ring)
MPRegen  0.20/turn              (no ring)

@: no status effects
A: negative energy resistance 1, electricity resistance, unbreathing,
petrification resistance, rot immunity, AC +7
a: Renounce Religion


You were in the Dungeon.
You worshipped Vehumet.
Vehumet was exalted by your worship.
You visited 1 branch

Inventory:

Hand Weapons
 m - a +2 quarterstaff
 n - a +1 quarterstaff of speed
 u - the +4 quarterstaff of Chaos (weapon) {drain, *Contam *Noise rC+ rN+ Int+6}
   (You found it in the Dungeon)

   A truly terrible weapon, it drains the life of those it strikes.
   It affects your intelligence (+6).
   It protects you from cold.
   It protects you from negative energy.
   It may make noises in combat.
   It causes magical contamination when unequipped.
Missiles
 b - 37 stones (quivered)
Armour
 c - a +0 robe (worn)
Jewellery
 o - a +3 ring of intelligence
 p - a +3 ring of protection
Scrolls
 j - 3 scrolls of remove curse
 k - 5 scrolls of amnesia
 l - a scroll of summoning
Potions
 a - 2 potions of invisibility
 d - 6 potions of curing
 e - 7 potions of heal wounds
 f - a potion of haste
 g - 4 potions of magic
 h - 4 potions of berserk rage
 q - 3 potions of stabbing
 r - a potion of brilliance
 s - a potion of resistance
 t - a potion of might


   Skills:
 + Level 6.1 Fighting
 + Level 9.5 Staves
 + Level 7.1 Dodging
 + Level 5.7 Stealth
 + Level 4.5 Unarmed Combat
 + Level 12.8 Spellcasting
 + Level 0.2 Conjurations
   Level 0.7 Transmutations
 + Level 16.0 Earth Magic


You had 25 spell levels left.
You knew the following spells:

 Your Spells              Type           Power        Failure   Level
a - Sandblast             Erth           ######       0%          1
b - Stone Arrow           Conj/Erth      ######       1%          3
c - Lee's Rapid Deconstr  Erth           ######....   1%          5

Your spell library contained the following spells:

 Spells                   Type           Power        Failure   Level
 Irradiate                Conj/Tmut      ###.......   24%         5
 Passwall                 Tmut/Erth      ######..     1%          2
 Petrify                  Tmut/Erth      ######..     1%          4


Dungeon Overview and Level Annotations

Branches:
Dungeon (1/1)

Altars:
Ashenzari
Cheibriados
Dithmenos
Elyvilon
Fedhas
Gozag
Hepliaklqana
Kikubaaqudgha
Makhleb
Nemelex Xobeh
Okawaru
Qazlal
Ru
Sif Muna
Trog
Uskayaw
Vehumet
Wu Jian
Xom
Yredelemnul
Zin
The Shining One
Beogh
Jiyva
Lugonu


Innate Abilities, Weirdness & Mutations

You are resistant to torment.
Your stone body is resilient. (AC +7)
You are immune to poison.
You resist negative energy. (rN+)
You are resistant to electric shocks. (rElec)
You can survive without breathing.
You are immune to petrification.
You are immune to rotting.


Message History

Unknown command.
Casting: Lee's Rapid Deconstruction (safe; 1% risk of failure)
Confirm with . or Enter, or press ? or * to list all spells.
Aiming: Lee's Rapid Deconstruction (safe; 1% risk of failure)
Press: ? - help, Dir - move target cursor A metal wall.
The metal wall shatters!
The blast of metal fragments hits the bone dragon but does no damage.
The bone dragon is lightly damaged.
The bone dragon bites you. The bone dragon claws you!
* * * LOW HITPOINT WARNING * * *
The bone dragon closely misses you.
Casting: Lee's Rapid Deconstruction (safe; 1% risk of failure)
Confirm with . or Enter, or press ? or * to list all spells.
Okay, then.
Press: ? - help, v - describe, . - travel
Here: a bone dragon (lightly damaged)
The floor.
The bone dragon closely misses you. The bone dragon claws you!
You die...

##### ___.# ___.#
_...###########++######
###'##................#
))'.##......#..#......#
###.##................+
.....'.........D@.....+
'#####......#..#......#
.#..##................#
.#))#####'#####''######
##))##.......##''#
.#).##.......##.)#
.#[[##.......##.)# #+#
##'###...<...##..#
##.## ..
....##.......##..#
##...## ..#


You could see a bone dragon.

Vanquished Creatures
  A death yak (D)
  A black mamba (D)
  A kobold demonologist (D)
  2 ice devils (D)
  A guardian mummy (D)
  2 hornets (D)
  A flying skull (D)
  A tarantella (D)
  A redback (D)
  6 yaks (D)
  A steam dragon (D)
  A basilisk (D)
  A warg (D)
  A soldier ant (D)
  A floating eye (D)
  Duvessa (D)
  A phantom (D)
  A necrophage (D)
  A centaur (D)
  4 big kobolds (D)
  6 killer bees (D)
  A quasit (D)
  A gnoll shaman (D)
  Jessica (D)
  A worker ant (D)
  A mummy (D)
  2 gnolls (D)
  2 adders (D)
  2 river rats (D)
  2 adder skeletons (D)
  A bat (D)
  2 bat skeletons (D)
  A giant cockroach (D)
  6 jackals (D)
  4 kobolds (D)
  A rat (D)
64 creatures vanquished.

Notes
Turn   | Place    | Note
-------+----------+-------------------------------------------
     0 | D        | TerrariaFan the Gargoyle Earth Elementalist began the quest
                  | for the Orb.
     0 | D        | Reached XP level 1. HP: 10/10 MP: 3/3
    11 | D        | Noticed Jessica
    25 | D        | Noticed a floating eye
    26 | D        | Paralysed by a floating eye for 3 turns
    33 | D        | Paralysed by a floating eye for 2 turns
    46 | D        | Killed a floating eye
    46 | D        | Reached skill level 8 in Earth Magic
    46 | D        | Reached XP level 2. HP: 15/15 MP: 3/6
    46 | D        | Reached XP level 3. HP: 19/19 MP: 4/8
    46 | D        | Reached XP level 4. HP: 24/24 MP: 4/9
    51 | D        | Learned a level 3 spell: Stone Arrow
    78 | D        | Found a bloodstained altar of Trog.
    78 | D        | Found a shimmering blue altar of Sif Muna.
    78 | D        | Found a viscous altar of Jiyva.
    78 | D        | Found a hazy altar of Hepliaklqana.
    78 | D        | Found an opulent altar of Gozag.
    79 | D        | Found a glowing golden altar of the Shining One.
    79 | D        | Found a glowing silver altar of Zin.
    79 | D        | Found a basalt altar of Yredelemnul.
    79 | D        | Found a shimmering altar of Xom.
    79 | D        | Found an ornate altar of the Wu Jian Council.
    79 | D        | Found a sacrificial altar of Ru.
    79 | D        | Found a stormy altar of Qazlal.
    79 | D        | Found an iron altar of Okawaru.
    79 | D        | Found a sparkling altar of Nemelex Xobeh.
    79 | D        | Found a burning altar of Makhleb.
    79 | D        | Found a blossoming altar of Fedhas.
    79 | D        | Found a white marble altar of Elyvilon.
    79 | D        | Found a shadowy altar of Dithmenos.
    79 | D        | Found a snail-covered altar of Cheibriados.
    82 | D        | Found a corrupted altar of Lugonu.
    82 | D        | Found a radiant altar of Vehumet.
    82 | D        | Found a roughly hewn altar of Beogh.
    83 | D        | Found an ancient bone altar of Kikubaaqudgha.
    83 | D        | Found a hide-covered altar of Uskayaw.
    83 | D        | Found a broken altar of Ashenzari.
    93 | D        | Became a worshipper of Vehumet
   523 | D        | Reached * piety under Vehumet
   523 | D        | Offered knowledge of Freeze by Vehumet.
   523 | D        | Reached XP level 5. HP: 9/28 MP: 10/10
   830 | D        | Learned a level 5 spell: Lee's Rapid Deconstruction
   988 | D        | Reached ** piety under Vehumet
   991 | D        | Offered knowledge of Searing Ray by Vehumet.
   991 | D        | Reached skill level 1 in Staves
   991 | D        | Reached skill level 9 in Earth Magic
  1438 | D        | Noticed a warg
  1438 | D        | Noticed a phantom
  1443 | D        | Reached skill level 1 in Fighting
  1444 | D        | Offered knowledge of Conjure Flame by Vehumet.
  1445 | D        | Killed a phantom
  1445 | D        | Reached *** piety under Vehumet
  1445 | D        | Reached skill level 5 in Spellcasting
  1445 | D        | Reached XP level 6. HP: 32/35 MP: 2/13
  1458 | D        | Killed a warg
  1458 | D        | Reached skill level 10 in Earth Magic
  1463 | D        | Reached **** piety under Vehumet
  2135 | D        | Offered knowledge of Ignite Poison by Vehumet.
  2135 | D        | Reached skill level 5 in Dodging
  2279 | D        | Offered knowledge of Dazzling Flash by Vehumet.
  2281 | D        | Noticed a guardian mummy
  2293 | D        | Killed a guardian mummy
  2293 | D        | Reached ***** piety under Vehumet
  2293 | D        | Reached skill level 11 in Earth Magic
  2293 | D        | Reached XP level 7. HP: 15/42 MP: 4/16
  2583 | D        | Noticed a flying skull
  2583 | D        | Noticed Duvessa
  2585 | D        | Killed a flying skull
  2585 | D        | Offered knowledge of Iskenderun's Battlesphere by Vehumet.
  2589 | D        | Killed Duvessa
  2589 | D        | Reached skill level 5 in Stealth
  2589 | D        | Reached XP level 8. HP: 48/48 MP: 3/18
  2879 | D        | Noticed a hornet
  2886 | D        | Killed a hornet
  2886 | D        | Reached skill level 12 in Earth Magic
  2977 | D        | Offered knowledge of Olgreb's Toxic Radiance by Vehumet.
  3034 | D        | Got the +4 quarterstaff of Chaos {drain, *Contam *Noise rC+
                  | rN+ Int+6}
  3093 | D        | Killed Jessica
  3093 | D        | Noticed a hornet
  3093 | D        | Noticed a death yak
  3107 | D        | Killed a death yak
  3107 | D        | Reached skill level 13 in Earth Magic
  3107 | D        | Reached XP level 9. HP: 30/52 MP: 6/22
  3113 | D        | Killed a hornet
  3113 | D        | Reached skill level 14 in Earth Magic
  3356 | D        | Noticed an ice devil
  3362 | D        | Killed an ice devil
  3362 | D        | Reached skill level 5 in Fighting
  3362 | D        | Reached skill level 10 in Spellcasting
  3380 | D        | Offered knowledge of Yara's Violent Unravelling by Vehumet.
  3584 | D        | Noticed a kobold demonologist
  3585 | D        | Noticed an ice devil
  3585 | D        | Noticed a black mamba
  3587 | D        | Noticed a soul eater
  3588 | D        | Killed a kobold demonologist
  3588 | D        | Reached skill level 15 in Earth Magic
  3593 | D        | Killed an ice devil
  3593 | D        | Reached XP level 10. HP: 59/59 MP: 11/25
  3593 | D        | Killed a black mamba
  3593 | D        | Reached ****** piety under Vehumet
  3614 | D        | Offered knowledge of Irradiate by Vehumet.
  3629 | D        | Noticed a bone dragon
  3640 | D        | Noticed a kobold demonologist
  3682 | D        | Reached skill level 16 in Earth Magic
  4670 | D        | Slain by a bone dragon

Illustrated notes

Levels and vault maps discovered:
D:        pitsprint [storerooms_1, entrance_room_1, metal_vault_3, armoury_2,
          mini_pit_1, grid_room_1, main_hall_1, silver_pit, the_coven_2,
          the_vestibule_1, steel_vault_5, golden_pit, hallway_of_sentries,
          crystal_vault_4, iron_vault_5, final_vault]

Skill      XL: |  1  2  3  4  5  6  7  8  9 10 |
---------------+-------------------------------+-----
Dodging        | 3 4 5 6 7 |  7.1
Stealth        | 3 4 5 |  5.7
Unarmed Combat | 2 3 4 |  4.5
Spellcasting   | 3 5 6 7 9 11 12 | 12.8
Earth Magic    | 8 9 11 13 15 16 | 16.0
Staves         | 2 6 7 8 9 |  9.5
Fighting       | 2 3 4 5 6 |  6.1
Conjurations   | |  0.2
Transmutations | |  0.7

Action                   |  1- 3 |  4- 6 |  7- 9 | 10-12 || total
-------------------------+-------+-------+-------+-------++-------
Melee: Unarmed           |    17 |       |       |       ||    17
       Quarterstaff      |       |    60 |    33 |     4 ||    97
 Cast: Stone Arrow       |       |     4 |       |       ||     4
       Lee's Rapid Decon |       |     7 |    18 |    16 ||    41
       Sandblast         |       |     2 |     1 |       ||     3
  Use: Potion            |       |     1 |       |       ||     1
       Scroll            |       |       |       |     1 ||     1
 Stab: Sleeping          |       |     1 |       |       ||     1
Armor: Robe              |       |    23 |    11 |     9 ||    43
Dodge: Dodged            |       |    45 |    26 |    45 ||   116

Table legend: (Time is in decaauts)
 A = Elapsed time spent in this place.
 B = Non-inter-level travel time spent in this place.
 C = Inter-level travel time spent in this place.
 D = Time resting spent in this place.
 E = Time spent auto-exploring this place.
 F = Levels seen in this place.
 G = Mean time per level.
                   A        B        C        D        E       F      G
               +--------+--------+--------+--------+--------+-----+--------+
         Total |   4672 |   4586 |     86 |   3988 |     11 |   1 | 4672.0 |
       Dungeon |   4672 |   4586 |     86 |   3988 |     11 |   1 | 4672.0 |
               +--------+--------+--------+--------+--------+-----+--------+

Top non-repeatable levels by time:
       D: 4672 daAuts
